 Dungeon Crawl Stone Soup version 0.31-a0-1074-g0b22e4e0f1 (webtiles) character file.

Game seed: 6691461167677664176

335 Smoke131 the Trooper (level 6, 0/66 HPs)
             Began as an Ogre Gladiator on Dec 3, 2023.
             Slain by a gnoll
             ... wielding a +0 whip
             ... led by a gnoll bouda
              (5 damage)
             ... on level 4 of the Dungeon.
             The game lasted 00:07:32 (3632 turns).

Smoke131 the Trooper (Ogre Gladiator)               Turns: 3632, Time: 00:07:33

Health: 0/66       AC:  3    Str: 27    XL:     6   Next: 53%
Magic:  6/6        EV: 10    Int:  9    God:
Gold:   215        SH:  0    Dex: 10    Spells: 5/5 levels left

rFire   . . .        a - +1 trident
rCold   . . .        (no shield)
rNeg    . . .        b - +0 robe
rPois   .            c - +0 hat
rElec   .            (no cloak)
rCorr   +            (gloves unavailable)
SInv    .            (boots unavailable)
Will    .....        (no amulet)
Stlth   +            j - +6 ring of strength
HPRegen 0.31/turn    m - ring of resist corrosion
MPRegen 0.10/turn

%: no passive effects
@: no status effects
A: large, unfitting armour, tough skin 1
a: no special abilities


You were on level 4 of the Dungeon.
You visited 1 branch of the dungeon, and saw 4 of its levels.

You collected 215 gold pieces.

Inventory:

Hand Weapons
 a - a +1 trident (weapon)
Missiles
 d - 2 throwing nets
 i - 5 poisoned darts
 r - 5 javelins
Armour
 b - a +0 robe (worn)
 c - a +0 hat (worn)
Jewellery
 j - a +6 ring of strength (left hand)
 m - a ring of resist corrosion (right hand)
 q - a ring of protection from fire
Scrolls
 f - a scroll of enchant weapon
 g - a scroll of identify
 p - a scroll of revelation
 u - a scroll of amnesia {unknown}
Potions
 h - a potion of cancellation
 l - 2 potions of curing
 n - a potion of attraction {unknown}
 o - a potion of mutation {unknown}
 s - a potion of haste {unknown}
 t - a potion of enlightenment {unknown}


   Skills:
 - Level 5.0 Fighting
 + Level 4.9 Polearms
 + Level 4.1 Throwing
 - Level 3.0 Dodging


You had 5 spell levels left.
You didn't know any spells.
Your spell library contained the following spells:

 Spells                   Type           Power      Damage    Failure   Level
 Anguish                  Hex/Necr       0%         N/A       99%         4
 Cause Fear               Hex            0%         N/A       99%         4
 Enfeeble                 Hex            0%         N/A       100%        7


Dungeon Overview and Level Annotations

Branches:
Dungeon (4/15)
 Temple: D:4-7

Altars:
Fedhas
Gozag
Hepliaklqana
Nemelex Xobeh
Uskayaw
Vehumet
Zin


Innate Abilities, Weirdness & Mutations

You are too large for most types of armour.
You have tough skin. (AC +1)


Message History

The gnoll is lightly wounded.
The gnoll hits you with a +0 whip!
You barely miss the gnoll.
The gnoll is lightly wounded.
The gnoll hits you with a +0 whip!
You hit the gnoll.
The gnoll is moderately wounded.
Throw: 3 darts (curare)
Press: ? - help, Q - select action, (/) - cycle Shift-Dir - straight line, f/p - gnoll
Aim: a gnoll, wielding a +0 whip (moderately wounded, covering ground quickly, 61% to hit)
You throw a curare-tipped dart.
The curare-tipped dart closely misses the gnoll.
The gnoll hits you with a +0 whip.
Throw: 2 darts (curare)
Press: ? - help, Q - select action, (/) - cycle Shift-Dir - straight line, f/p - gnoll
Aim: a gnoll, wielding a +0 whip (moderately wounded, covering ground quickly, 61% to hit)
You throw a curare-tipped dart. The curare-tipped dart hits the gnoll.
The gnoll is poisoned.
The gnoll convulses.
The gnoll seems to slow down.
The gnoll is severely wounded.
Throw: dart (curare)
Press: ? - help, Q - select action, (/) - cycle Shift-Dir - straight line, f - gnoll bouda, p - gnoll
Aim: a gnoll bouda, wielding a +0 whip and wearing a +0 robe (61% to hit)
You throw a curare-tipped dart.
The curare-tipped dart closely misses the gnoll bouda.
The gnoll is no longer moving quickly.
The gnoll bouda barks out a call to the hunt!
The gnoll picks up the pace!
The gnoll hits you with a +0 whip. The gnoll hits you with a +0 club!
* * * LOW HITPOINT WARNING * * *
Throw: large rock
Press: ? - help, Q - select action, (/) - cycle Shift-Dir - straight line, f/p - gnoll bouda
Aim: a gnoll bouda, wielding a +0 whip and wearing a +0 robe (61% to hit)
You throw a large rock.
The large rock barely misses the gnoll bouda.
The gnoll is no longer moving quickly.
The gnoll bouda hits you with a +0 whip!
* * * LOW HITPOINT WARNING * * *
The gnoll closely misses you. The gnoll hits you with a +0 whip.
You die...

#...######......##...###.........
###.## #......##.#.# #.........
#..## #......#....# #.........
##..# #......#..### #.......).
#####.####......#..# #####.####
.(((....##......#..######**#.#
####.g....#.##...........,,#,#***
#.g....#.##.g.........,,*,,,,,
###......#(.).g@........,,*****#
#.###.##.##....g........,,*
#.....##>...#...........,,*
##.######.###############***
#[........# ###########


You could see a gnoll bouda and 2 gnolls.

Vanquished Creatures
  A phantom (D:4)
  A scorpion (D:4)
  5 gnolls (D:4)
  5 adders
  5 worms
  3 dart slugs
  2 orcs (D:3)
  6 endoplasms
  5 giant cockroaches
  9 goblins
  10 hobgoblins
  2 jackals (D:1)
  7 kobolds
  5 quokkas
  9 ball pythons
  6 bats
  2 frilled lizards (D:1)
  7 rats
90 creatures vanquished.

Notes
Turn   | Place    | Note
-------+----------+-------------------------------------------
     0 | D:1      | Smoke131 the Ogre Gladiator began the quest for the Orb.
     0 | D:1      | Reached XP level 1. HP: 22/22 MP: 1/1
    77 | D:1      | Reached XP level 2. HP: 22/29 MP: 2/2
   197 | D:1      | Reached skill level 3 in Fighting
   375 | D:1      | Reached XP level 3. HP: 36/37 MP: 3/3
  1128 | D:2      | Reached XP level 4. HP: 44/48 MP: 4/4
  1142 | D:2      | Found a sparkling altar of Nemelex Xobeh.
  1400 | D:2      | Reached skill level 4 in Fighting
  2028 | D:3      | Found an opulent altar of Gozag.
  2146 | D:3      | Reached XP level 5. HP: 55/55 MP: 5/5
  2272 | D:3      | Found a faded altar of an unknown god.
  2633 | D:3      | Found a faded altar of an unknown god.
  2637 | D:3      | Found a hazy altar of Hepliaklqana.
  2820 | D:4      | Found a glowing silver altar of Zin.
  2827 | D:4      | Found a blossoming altar of Fedhas.
  2828 | D:4      | Found a radiant altar of Vehumet.
  2828 | D:4      | Found a hide-covered altar of Uskayaw.
  3219 | D:4      | Noticed a phantom
  3232 | D:4      | Killed a phantom
  3233 | D:4      | Reached skill level 5 in Fighting
  3233 | D:4      | Reached XP level 6. HP: 49/66 MP: 6/6
  3632 | D:4      | Slain by a gnoll

Illustrated notes

Levels and vault maps discovered:
D:1:      psy_arrival_basics, layout_rooms
D:2:      layout_basic, basic_altar, minmay_fractal_squares_5
D:3:      layout_loops_cross, nicolae_gozag_seed_capital,
          nicolae_overflow_ecumenical_swirl,
          chequers_ecumenical_altar_simple_redux, minmay_misc_feat_more_columns
D:4:      layout_basic, grunt_temple_overflow_open, general_overflow_altar,
          serial_library_hellmonk_hallway_b

Skill      XL: |  1  2  3  4  5  6 |
---------------+-------------------+-----
Fighting       | 3 4 5 |  5.0
Dodging        | 3 |  3.0
Throwing       | 3 4 |  4.1
Polearms       | 4 |  4.9

Action                     |  1- 3 |  4- 6 || total
---------------------------+-------+-------++-------
  Melee: Trident           |   108 |   174 ||   282
         Punch             |       |     2 ||     2
  Throw: Javelin           |       |     5 ||     5
         Dart              |       |    12 ||    12
         Large rock        |       |     1 ||     1
         Throwing net      |       |     1 ||     1
    Use: Scroll            |       |     6 ||     6
 Armour: Robe              |    85 |   146 ||   231
  Dodge: Dodged            |    58 |    84 ||   142

Table legend: (Time is in decaauts)
 A = Elapsed time spent in this place.
 B = Non-inter-level travel time spent in this place.
 C = Inter-level travel time spent in this place.
 D = Time resting spent in this place.
 E = Time spent auto-exploring this place.
 F = Levels seen in this place.
 G = Mean time per level.
                   A        B        C        D        E       F      G
               +--------+--------+--------+--------+--------+-----+--------+
         Total |   3662 |   3544 |    118 |     84 |   2599 |   4 |  915.5 |
       Dungeon |   3662 |   3544 |    118 |     84 |   2599 |   4 |  915.5 |
               +--------+--------+--------+--------+--------+-----+--------+

Top non-repeatable levels by time:
     D:2: 1263 daAuts
     D:3: 871 daAuts
     D:4: 839 daAuts
     D:1: 687 daAuts
